Map: Dusk Towers

Players

Circle

  • Race: Terran Terran
  • League: Grandmaster

MythiC - Winner!

  • Race: Terran Terran
  • League: Grandmaster

VOD

Have the link to the VOD?

Description

Time

  • Played on: July 6, 2016, 1:25 p.m.
  • Length: 12:04
Show
View Real Time Build Order
Export as new Build Order

Circle Terran 

Build Orders: Reaper Expand, MMM Bio 

Get SALT Encoding   

  12  0:01  SCV  
  13  0:13  SCV  
  14  0:18  Supply Depot  
  14  0:25  SCV  
  15  0:39  SCV  
  15  0:40  Barracks  
  16  0:45  Refinery  
  16  0:51  SCV  
  17  1:03  SCV  
  18  1:16  SCV  
  19  1:28  Orbital Command, Reaper  
  20  1:43  Command Center  
  21  1:54  SCV  
  21  1:57  Supply Depot  
  21  2:00  Marine  
  22  2:06  SCV  
  23  2:13  Factory  
  23  2:18  Marine, SCV  
  25  2:28  Refinery  
  25  2:31  SCV  
  25  2:38  Barracks Reactor  
  25  2:43  SCV  
  26  2:56  Orbital Command  
  26  2:58  Starport  
  26  2:59  Hellion  
  26  3:02  SCV  
  28  3:14  SCV  
  28  3:16  Marine x2  
  29  3:20  Hellion  
  29  3:26  SCV  
  32  3:31  SCV  
  33  3:36  Marine x2  
  33  3:38  SCV  
  34  3:42  Widow Mine  
  34  3:43  SCV  
  37  3:50  SCV  
  37  3:55  Marine x2, SCV  
  40  3:59  Medivac  
  43  4:05  Command Center  
  43  4:06  SCV  
  43  4:07  SCV  
  45  4:11  Supply Depot  
  45  4:14  Supply Depot  
  45  4:16  Factory Tech Lab  
  45  4:18  SCV  
  46  4:32  SCV x2  
  46  4:33  Barracks  
  46  4:34  Barracks  
  48  4:43  Factory Tech Lab  
  48  4:44  Banshee, Refinery x2  
  48  4:45  SCV x2  
  53  4:46  Cloaking Field  
  53  4:57  SCV x2  
  55  5:09  SCV x2, Engineering Bay  
  55  5:12  Engineering Bay  
  57  5:16  Siege Tank  
  57  5:21  SCV  
  59  5:31  Banshee  
  59  5:33  Marine, Barracks Reactor x2  
  59  5:34  Marine, SCV x2  
  59  5:35  Orbital Command  
  66  5:46  Supply Depot, SCV  
  66  5:47  Terran Infantry Weapons Level 1, SCV  
  66  5:48  Terran Infantry Armor Level 1  
  68  5:50  Siege Tank  
  68  5:57  Barracks  
  71  6:00  Barracks  
  71  6:01  SCV x2  
  71  6:02  SCV  
  74  6:09  Marine x2  
  77  6:16  SCV x2  
  77  6:17  SCV  
  79  6:23  Armory  
  79  6:24  Supply Depot, Stimpack  
  79  6:25  Marauder  
  81  6:26  Supply Depot  
  81  6:28  SCV x2  
  81  6:29  SCV  
  81  6:31  Supply Depot  
  84  6:35  Marine  
  85  6:41  Supply Depot  
  85  6:45  Marine x3, SCV x3  
  85  6:46  Marauder  
  90  6:59  Supply Depot  
  90  7:00  SCV x3  
  93  7:04  Supply Depot, Barracks Tech Lab x2  
  93  7:05  Marine x2  
  93  7:06  Medivac x2  
  93  7:07  Marauder  
  101  7:10  Refinery x2  
  101  7:12  SCV x2  
  101  7:13  SCV  
  101  7:14  Missile Turret  
  101  7:15  Supply Depot  
  104  7:17  Missile Turret  
  104  7:19  Missile Turret  
  104  7:21  Missile Turret  
  104  7:25  Supply Depot, SCV x2  
  104  7:26  SCV  
  104  7:29  Missile Turret  
  107  7:32  Marauder, Missile Turret  
  107  7:33  Marauder x2  
  107  7:34  Concussive Shells  
  107  7:37  Combat Shields  
  113  7:40  Medivac x2  
  119  7:49  Factory  
  119  7:50  Supply Depot  
  117  7:54  Marauder x2  
  117  7:55  Marauder, Terran Infantry Weapons Level 2  
  117  7:58  Terran Infantry Armor Level 2  
  123  8:06  Supply Depot  
  123  8:07  Supply Depot  
  123  8:08  Supply Depot  
  123  8:12  Marine x4  
  127  8:14  Medivac  
  127  8:15  Marauder x2, Medivac  
  127  8:19  Terran Ship Weapons Level 1  
  135  8:25  Marauder  
  137  8:33  Factory Tech Lab  
  137  8:37  Marauder x2  
  141  8:44  Marine x3  
  141  8:46  Marauder  
  138  8:49  SCV x3  
  138  8:58  Marauder x2  
  142  9:03  Viking x2  
  142  9:07  Marauder  
  146  9:10  Command Center  
  146  9:11  Starport  
  146  9:13  Starport  
  146  9:19  Marauder  
  148  9:24  SCV x3  
  151  9:33  Viking x2  
  151  9:34  Marine x2, Marauder x2  
  159  9:39  Marine x2  
  159  9:41  Marauder  
  163  9:54  Starport Tech Lab x2  
  163  9:55  Marauder  
  162  10:03  Viking x2, Marauder x2  
  162  10:04  Siege Tank x2  
  163  10:17  Marauder  
  163  10:19  Raven x2  
  169  10:30  Command Center  
  169  10:33  Viking x2  
  173  10:44  Marauder x3  
  179  10:54  Planetary Fortress  
  175  10:57  SCV x3  
  178  11:09  SCV  
  178  11:10  Raven  
  178  11:11  Raven  
  130  11:26  Marine x2  
  130  11:27  Marauder x2  
  130  11:28  Marine x2  
  130  11:29  Marauder  
Show
View Real Time Build Order
Export as new Build Order

MythiC Terran - Winner!

Build Orders: Reaper Expand, Mech 

Get SALT Encoding   

  12  0:00  SCV  
  13  0:13  SCV  
  14  0:18  Supply Depot  
  14  0:25  SCV  
  15  0:28  Refinery  
  15  0:39  SCV  
  16  0:45  Barracks  
  16  0:51  SCV  
  17  1:03  SCV  
  18  1:15  SCV  
  19  1:31  Orbital Command  
  19  1:32  Reaper  
  20  1:46  Command Center  
  20  1:58  SCV  
  20  1:59  Supply Depot  
  21  2:09  Reaper  
  21  2:10  Factory  
  21  2:14  SCV  
  23  2:22  Refinery  
  23  2:26  SCV  
  24  2:38  SCV  
  25  2:47  Barracks Reactor  
  25  2:50  SCV  
  26  2:58  Hellion, Starport  
  28  3:02  SCV  
  30  3:08  Orbital Command  
  29  3:14  SCV  
  30  3:26  SCV  
  32  3:38  Viking, SCV  
  32  3:44  SCV  
  33  3:51  SCV  
  33  3:52  Hellion x2, Barracks Tech Lab  
  33  3:54  Supply Depot  
  38  3:56  SCV  
  39  4:03  SCV  
  39  4:08  SCV  
  41  4:13  Hellion x2  
  41  4:15  SCV  
  46  4:19  Raven  
  46  4:20  Command Center, SCV  
  49  4:27  SCV  
  49  4:30  Barracks Reactor  
  50  4:33  Supply Depot, SCV, Refinery  
  51  4:39  SCV  
  51  4:40  Hellion  
  51  4:44  Supply Depot  
  54  4:49  Factory  
  54  4:53  Refinery  
  54  4:54  Widow Mine  
  54  4:55  SCV x2  
  58  5:07  SCV x2  
  58  5:11  Supply Depot, Hellion  
  62  5:19  SCV x2  
  64  5:24  Hellion  
  66  5:31  SCV x2  
  66  5:32  Hellion  
  66  5:34  Orbital Command  
  70  5:37  Armory  
  70  5:38  Viking, Armory  
  70  5:40  Viking  
  74  5:43  SCV x2  
  74  5:46  Supply Depot  
  76  5:53  Hellion x2  
  76  5:55  SCV x2  
  76  5:56  Infernal Pre-Igniter  
  82  6:02  Orbital Command  
  82  6:08  SCV x2  
  84  6:13  Medivac x2  
  84  6:18  Refinery  
  88  6:20  SCV x2  
  88  6:21  Siege Tank  
  88  6:22  Hellion x2  
  97  6:30  Terran Vehicle And Ship Armor Level 1, Terran Vehicle Weapons Level 1  
  97  6:31  SCV, Engineering Bay  
  97  6:32  SCV x2  
  100  6:34  Refinery  
  100  6:41  Factory  
  100  6:43  SCV  
  101  6:48  Supply Depot x2, SCV  
  101  6:50  SCV  
  101  6:54  Hellion  
  101  6:57  SCV  
  101  7:09  Hellion, Siege Tank, Medivac  
  101  7:10  Medivac  
  110  7:17  Missile Turret  
  110  7:20  Missile Turret  
  110  7:21  Missile Turret  
  110  7:24  Hellion, SCV x2, Missile Turret  
  110  7:25  Missile Turret, Factory Tech Lab  
  110  7:29  SCV  
  115  7:30  Supply Depot  
  115  7:32  Hellion  
  115  7:36  SCV  
  118  7:38  SCV  
  119  7:48  Siege Tank  
  119  7:50  Siege Tank  
  125  7:51  Viking  
  125  7:52  Viking, SCV x2  
  125  7:54  SCV  
  132  8:02  Supply Depot  
  132  8:04  SCV  
  133  8:08  Supply Depot  
  133  8:11  Supply Depot  
  133  8:12  Hi-Sec Auto Tracking  
  133  8:13  SCV  
  133  8:18  Missile Turret  
  133  8:19  Missile Turret  
  138  8:20  Hellion x2  
  141  8:27  Siege Tank x2  
  141  8:30  Medivac  
  141  8:31  Medivac  
  138  8:48  Command Center, Hellion x2, Factory  
  140  8:50  Factory  
  136  9:00  Thor x2  
  148  9:07  Medivac x2  
  148  9:09  Building Armor  
  152  9:14  Hellion x2  
  156  9:17  SCV x3  
  156  9:19  Terran Vehicle Weapons Level 2  
  159  9:25  Supply Depot x2  
  159  9:31  Sensor Tower  
  159  9:33  Sensor Tower  
  159  9:37  Factory Reactor, Factory Tech Lab  
  163  9:38  Hellion x2  
  163  9:45  Siege Tank  
  164  9:57  Siege Tank x2  
  170  10:01  SCV  
  171  10:09  Command Center  
  171  10:11  Command Center  
  171  10:18  Refinery  
  171  10:20  Missile Turret  
  171  10:21  Refinery, Sensor Tower  
  169  10:22  Missile Turret  
  169  10:23  Siege Tank  
  169  10:24  Hellion x3  
  178  10:33  Planetary Fortress  
  178  10:38  Siege Tank  
  181  10:53  Starport  
  181  10:55  Starport  
  181  11:03  Hellion x4  
  189  11:19  SCV  
  189  11:23  Viking x2  
  189  11:24  Hellion x4  
Tags
 
Add a new tag
Caveats
  • Supply blocks, unpowered buildings, or Contaminate may cause inaccurate times.
  • Supply counts are checked every 10 seconds.